 Dungeon Crawl Stone Soup version 0.27.0-1-g7a089689b8 (webtiles) character file.

Game seed: 14933175253877291659

168 ZombieSheep the Skirmisher (level 5, -1/47 HPs)
             Began as a Hill Orc Fighter on Aug 1, 2021.
             Slain by Grinder (4 damage)
             ... on level 3 of the Dungeon.
             The game lasted 00:03:33 (2242 turns).

ZombieSheep the Skirmisher (Hill Orc Fighter)       Turns: 2242, Time: 00:03:33

Health: -1/47      AC:  7    Str: 19    XL:     5   Next: 48%
Magic:  5/5        EV: 10    Int:  8    God:
Gold:   57         SH:  0    Dex: 11    Spells: 4/4 levels left

rFire    . . .     SeeInvis .   a - +0 war axe
rCold    . . .     Faith    .   (no shield)
rNeg     . . .     Spirit   .   b - +0 scale mail
rPois    .         Reflect  .   (no helmet)
rElec    .         Harm     .   (no cloak)
rCorr    .         Rampage  .   (no gloves)
Will     .....                  (no boots)
Stlth    ..........             (no amulet)
HPRegen  0.15/turn              (no ring)
MPRegen  0.09/turn              (no ring)

@: no status effects
A: no striking features
a: no special abilities


You were on level 3 of the Dungeon.
You visited 1 branch of the dungeon, and saw 3 of its levels.

You collected 57 gold pieces.

Inventory:

Hand Weapons
 a - a +0 war axe (weapon)
 g - a +0 whip
Armour
 b - a +0 scale mail (worn)
 c - a +0 kite shield
Scrolls
 f - a scroll of summoning
 h - a scroll of noise {unknown}
 i - 2 scrolls of identify
 k - a scroll of amnesia {unknown}
Potions
 d - a potion of might
 e - a potion of haste
 j - a potion of lignification {unknown}


   Skills:
 + Level 4.7 Fighting
 + Level 4.3 Axes
 + Level 4.3 Armour
 + Level 1.8 Dodging
 - Level 3.2 Shields


You had 4 spell levels left.
You didn't know any spells.
Your spell library contained the following spells:

 Spells                   Type           Power      Damage    Failure   Level
 Blink                    Tloc           N/A        N/A       88%         2
 Lesser Beckoning         Tloc           0%         N/A       98%         3
 Ozocubu's Armour         Ice            0%         N/A       98%         3
 Manifold Assault         Tloc           0%         N/A       100%        5
 Ozocubu's Refrigeration  Ice            0%         4d5       100%        7


Dungeon Overview and Level Annotations

Branches:
Dungeon (3/15)

Altars:

Shops:
D:1 ?

Annotations:
D:3 Grinder


Message History

You resist with significant effort. Grinder hits you but does no damage.
Grinder hits you. Grinder gestures at you. Pain shoots through your body!
Grinder blinks!
You can move again.
Grinder hits you but does no damage.
You barely miss Grinder. Grinder closely misses you.
You hit Grinder but do no damage. Grinder closely misses you.
You hit Grinder but do no damage. Grinder hits you but does no damage.
Grinder hits you.
You writhe in agony.
You hit Grinder but do no damage.
Grinder blinks!
Grinder gestures at you. Pain shoots through your body!
Grinder gestures at you. Pain shoots through your body!
You are too injured to fight recklessly!
You are too injured to fight recklessly!
You are too injured to fight recklessly!
You are too injured to fight recklessly!
Unknown command.
You are too injured to fight recklessly!
You are too injured to fight recklessly!
You completely miss Grinder. Grinder gestures at you.
Pain shoots through your body!
* * * LOW HITPOINT WARNING * * *
You closely miss Grinder. Grinder hits you.
* * * LOW HITPOINT WARNING * * *
You writhe in agony.
* * * LOW HITPOINT WARNING * * *
Grinder blinks!
Grinder gestures at you.
You barely resist. You completely miss Grinder. Grinder barely misses you.
You hit Grinder.
Grinder is lightly wounded.
Grinder hits you.
You die...

## .# +## .# .. ####
.# #.#. #.. .#
#+###.#.##.# .
.....#.#....######
##.....#.##....5@..#
<#.....#.##.######.#
##.....#.##.# #.#
...#+###.##.# #.#
#..#.#......# #.#
†..#......### #.#
..##.##...# #.#
..........###### #.#
#.######.........


You could see Grinder.

Vanquished Creatures
  2 hounds (D:2)
  3 gnolls (D:2)
  2 adders (D:2)
  An orc (D:3)
  6 bats
  4 endoplasms
  2 giant cockroaches
  7 goblins
  5 hobgoblins
  2 jackals (D:1)
  8 kobolds
  3 quokkas (D:1)
  4 ball pythons
  A frilled lizard (D:2)
  7 rats
57 creatures vanquished.

Notes
Turn   | Place    | Note
-------+----------+-------------------------------------------
     0 | D:1      | ZombieSheep the Hill Orc Fighter began the quest for the
                  | Orb.
     0 | D:1      | Reached XP level 1. HP: 19/19 MP: 1/1
   155 | D:1      | Reached XP level 2. HP: 21/27 MP: 2/2
   337 | D:1      | Found Xourpho's Magic Scroll Shoppe.
   653 | D:1      | Reached XP level 3. HP: 31/33 MP: 3/3
   795 | D:1      | Found a faded altar of an unknown god.
   993 | D:1      | Reached skill level 1 in Dodging
  1191 | D:2      | Reached XP level 4. HP: 40/40 MP: 4/4
  1611 | D:2      | Reached XP level 5. HP: 17/47 MP: 5/5
  2216 | D:3      | Noticed Grinder
  2219 | D:3      | Paralysed by Grinder for 7 turns
  2236 | D:3      | HP: 2/47 [Grinder (3)]
  2242 | D:3      | Slain by Grinder

Illustrated notes

Levels and vault maps discovered:
D:1:      psy_arrival_spokes, layout_basic, serial_shops,
          nicolae_shop_temple_entry_statues_fountains,
          hellmonk_ecumenical_altar_inner_sanctum, minmay_misc_feat_tower
D:2:      layout_rooms, grunt_decor_mini_mirrors, minmay_tromino_v7
D:3:      layout_basic, gammafunk_ghost_arena, portal_sewer_entry_e,
          kennysheep_generic_room_4, uniq_grinder

Skill      XL: |  1  2  3  4 |
---------------+-------------+-----
Axes           | 3 4 |  4.3
Fighting       | 4 |  4.7
Dodging        | 1 |  1.8
Armour         | 4 |  4.3
Shields        | |  3.2

Action                   |  1- 3 |  4- 6 || total
-------------------------+-------+-------++-------
Melee: War axe           |   119 |    74 ||   193
  Use: Scroll            |     2 |     3 ||     5
       Potion            |       |     3 ||     3
Armor: Scale mail        |    95 |    48 ||   143
Dodge: Dodged            |    99 |    44 ||   143
